 Dungeon Crawl Stone Soup version 0.28.0-49-g6dfe1f597d (webtiles) character file.

Game seed: 9676849206306758966

144 greasedhog the Twirler (level 5, -1/41 HPs)
             Began as a Formicid Fighter on May 14, 2022.
             Was an Initiate of Okawaru.
             Slain by a gnoll
             ... wielding a +0 halberd
              (9 damage)
             ... on level 3 of the Dungeon.
             The game lasted 00:05:00 (2242 turns).

greasedhog the Twirler (Formicid Fighter)           Turns: 2242, Time: 00:05:01

Health: -1/41      AC: 11    Str: 23    XL:     5   Next: 52%
Magic:  5/5        EV:  6    Int:  7    God:    Okawaru [......]
Gold:   42         SH:  4    Dex: 10    Spells: 4/4 levels left

rFire   . . .      SeeInvis +   a - +0 quarterstaff
rCold   . . .      Faith    .   c - +0 buckler
rNeg    . . .      Spirit   .   e - +0 plate armour
rPois   .          Reflect  .   (helmet unavailable)
rElec   .          Harm     .   (no cloak)
rCorr   .          Rampage  .   (no gloves)
Will    .....                   (no boots)
Stlth   ..........              (no amulet)
HPRegen 0.13/turn               (no ring)
MPRegen 0.09/turn               (no ring)

@: no status effects
A: permanent stasis, dig shafts and tunnels, antennae 3, four strong arms
a: Dig, Shaft Self, Renounce Religion


You were on level 3 of the Dungeon.
You worshipped Okawaru.
Okawaru was noncommittal.
You visited 1 branch of the dungeon, and saw 3 of its levels.

You collected 42 gold pieces.

Inventory:

Hand Weapons
 a - a +0 quarterstaff (weapon)
Armour
 c - a +0 buckler (worn)
 e - a +0 plate armour (worn)
 f - a +2 leather armour of cold resistance
Potions
 d - a potion of might
 g - 2 potions of ambrosia {unknown}
 h - a potion of invisibility {unknown}


   Skills:
 - Level 3.2 Fighting
 * Level 5.2 Staves
 - Level 3.2 Armour
 - Level 3.6 Shields
 * Level 0.5 Invocations


You had 4 spell levels left.
You didn't know any spells.
Your spell library contained the following spells:

 Spells                   Type           Power      Damage    Failure   Level
 Magic Dart               Conj           0%         1d3       100%        1
 Mephitic Cloud           Conj/Pois/Air  0%         N/A       100%        3
 Summon Small Mammal      Summ           Unusable   N/A       N/A         1
 Call Imp                 Summ           Unusable   N/A       N/A         2
 Call Canine Familiar     Summ           Unusable   N/A       N/A         3
 Summon Guardian Golem    Hex/Summ       Unusable   N/A       N/A         3

Dungeon Overview and Level Annotations

Branches:
Dungeon (3/15)

Altars:
Okawaru


Innate Abilities, Weirdness & Mutations

You cannot be hasted, slowed, berserked, paralysed or teleported.
You can dig through walls and to a lower floor.
You have a pair of large antennae on your head. (SInv)
Your four strong arms can wield two-handed weapons with a shield.


Message History

An orc comes into view. It is wielding a +0 hand axe.
The orc shouts!
You barely miss the orc. The orc hits you but does no damage.
You hit the orc.
The orc is moderately wounded.
The orc closely misses you.
You hit the orc.
The orc is severely wounded.
The orc hits you with a +0 hand axe.
You sock the orc!
You kill the orc!
Okawaru accepts your kill.
You now have 42 gold pieces (gained 3).
You see here a +0 hand axe.
You sense a monster nearby.
A gnoll comes into view. It is wielding a +0 club.
A gnoll is nearby!
Things that are here:
a +0 club; a rat corpse
Items here: $ (( ))))) ††.
A gnoll comes into view. It is wielding a +0 flail.
The gnoll shouts!
A gnoll comes into view. It is wielding a +0 halberd.
The gnoll shouts!
You hear a shout! x2
A gnoll comes into view. It is wielding a +0 flail.
The gnoll throws a throwing net.
The throwing net hits you.
You become entangled in the net!
You see here a throwing net.
You tear a large gash into the net.
You struggle against the net.
The gnoll hits you from afar with a +0 halberd.
The gnoll throws a stone.
The stone hits you.
You rip the net and break free!
The gnoll hits you from afar with a +0 halberd.
The gnoll hits you with a +0 flail!
The gnoll hits you from afar with a +0 halberd.
* * * LOW HITPOINT WARNING * * *
There is a stone staircase leading up, spattered with blood here.
The gnoll hits you from afar with a +0 halberd!
You die...

...#.. ##....##### ...
.(....g.).#######.?...
###...g)..))....#.....
###.#######.........
#......##.........
#####...g.............
........g.g...........
###...)..@...........
#.<.................
#...................
#..................[#.
..##................#
# #...........>....##
..)##.....##.....#...
.## ####..###.#### ##
...## ... {


You could see 3 gnolls.

Vanquished Creatures
  An orc priest (D:3)
  An adder (D:2)
  4 gnolls (D:2)
  2 worms (D:2)
  A dart slug (D:2)
  5 orcs (D:3)
  4 bats
  6 endoplasms
  2 giant cockroaches (D:2)
  6 goblins
  4 hobgoblins
  4 jackals (D:2)
  4 kobolds
  2 ball pythons
  A frilled lizard (D:3)
  5 rats
52 creatures vanquished.

Vanquished Creatures (others)
  4 toadstools (D:1)
4 creatures vanquished.

Grand Total: 56 creatures vanquished

Notes
Turn   | Place    | Note
-------+----------+-------------------------------------------
     0 | D:1      | greasedhog the Formicid Fighter began the quest for the
                  | Orb.
     0 | D:1      | Reached XP level 1. HP: 18/18 MP: 1/1
   229 | D:1      | Reached XP level 2. HP: 22/24 MP: 2/2
   486 | D:1      | Reached skill level 3 in Staves
   919 | D:2      | Found a faded altar of an unknown god.
   925 | D:2      | Reached XP level 3. HP: 29/29 MP: 3/3
  1223 | D:2      | Reached skill level 4 in Staves
  1223 | D:2      | Reached XP level 4. HP: 31/35 MP: 4/4
  1713 | D:2      | Found an iron altar of Okawaru.
  1765 | D:2      | Reached XP level 5. HP: 41/41 MP: 5/5
  1801 | D:2      | Became a worshipper of Warmaster Okawaru
  2145 | D:3      | Reached skill level 5 in Staves
  2242 | D:3      | Slain by a gnoll

Illustrated notes

Levels and vault maps discovered:
D:1:      ldierk_walled_garden_2, layout_loops_corners, minmay_misc_feat_plants
D:2:      layout_loops_ring, dreamdust_ecumenical_altar_statues, basic_altar,
          fountainhead, minmay_quadrilaterals
D:3:      layout_rooms

Skill      XL: |  1  2  3  4  5 |
---------------+----------------+-----
Staves         | 3 4 5 |  5.2
Fighting       | |  3.2
Armour         | |  3.2
Shields        | |  3.6
Invocations    | |  0.5

Action                   |  1- 3 |  4- 6 || total
-------------------------+-------+-------++-------
Melee: Quarterstaff      |    81 |    83 ||   164
  Use: Scroll            |       |     2 ||     2
Armor: Scale mail        |    31 |       ||    31
       Plate armour      |    19 |    48 ||    67
Dodge: Dodged            |    29 |    19 ||    48
Block: Buckler           |    19 |    13 ||    32
